AoeStats
← 3119395234

Arena

511044720Analyzed
4v4 RM · 7h ago on Oct 3, 2026· 72m 2s· 8 players
Game mode
Random Map
Map size
Large (8 player)
Population
200
Speed
Normal
Resources
Standard
Victory
Conquest
Starting age
Dark Age
Ending age
Imperial Age
RankedLock teamsTeams togetherTeam positionsShared explorationLock speedFull tech treeHidden civsTurbo modeCheats
Victory
Defeat
🇵🇹 Persians · Portugal
710
+8
🇨🇴 Koreans · Colombia
632
+11
🇦🇺 Ethiopians · Australia
595
+13
🇨🇳 Teutons · China
525
+16
🇨🇱 Saxons · Chile
745
-20
🇵🇪 Teutons · Peru
494
-15
🇮🇳 Khmer · India
455
-9
🇵🇪 Chinese · Peru
397
-8
LReyes4029
12:05 Loom
13:50 Feudal Age
14:59 Horse Collar
15:09 Double-Bit Axe
16:59 Gold Mining
17:37 Fletching
24:12 Castle Age
22:51 Wheelbarrow
23:30 Forging
25:47 Castle Age
23:49 Town Watch
25:29 Scale Mail Armor
25:23 Stone Mining
27:05 Gold Shaft Mining
26:45 Bow Saw
26:38 Heavy Plow
26:01 Crossbowman
26:49 Thumb Ring
26:49 Squires
26:49 Bodkin Arrow
28:09 Hand Cart
32:28 Ballistics
33:19 Masonry
32:55 Treadmill Crane
34:19 Fortified Wall
34:59 Stone Shaft Mining
34:32 Town Patrol
35:32 Pikeman
35:58 Arson
40:32 Imperial Age
39:45 Chain Mail Armor
40:05 Iron Casting
38:57 Elite Skirmisher
42:18 Chemistry
41:24 Siege Engineers
40:42 Capped Ram
41:31 Bracer
43:06 Two-Man Saw
42:57 Plate Mail Armor
43:01 Conscription
43:53 Architecture
43:21 Arbalester
44:57 Caravan
45:08 Guilds
46:19 Murder Holes
46:10 Arrowslits
46:51 Shinkichon
46:01 Halberdier
49:24 Coinage
48:21 Heavy Rocket Cart
53:49 Elite Fire Lancer
58:05 Banking
65:39 Fervor
65:49 Sanctity
65:45 Block Printing
65:32 Devotion
67:47 Faith
68:04 Theocracy
67:26 Herbal Medicine
67:38 Eupseong
66:59 Elite War Wagon
67:36 Heated Shot
yenepu
0:29 Loom
11:15 Feudal Age
11:35 Double-Bit Axe
11:47 Horse Collar
22:57 Castle Age
21:32 Wheelbarrow
21:40 Stone Mining
21:44 Gold Mining
23:55 Caravan
24:25 Bow Saw
24:56 Stone Shaft Mining
24:36 Heavy Plow
25:31 Arson
26:13 Pikeman
28:15 Fervor
29:24 Gold Shaft Mining
33:35 Hand Cart
33:57 Ballistics
33:32 Murder Holes
33:48 Masonry
36:37 Imperial Age
34:12 Murder Holes
34:27 Masonry
34:23 Squires
34:37 Forging
34:33 Scale Barding Armor
34:35 Husbandry
35:25 Ballistics
36:30 Iron Casting
37:09 Chain Barding Armor
37:54 Chemistry
37:26 Architecture
37:26 Conscription
37:17 Citadels
37:21 Cavalier
39:58 Two-Man Saw
39:49 Crop Rotation
38:49 Savar
39:57 Bloodlines
41:59 Plate Barding Armor
42:25 Blast Furnace
42:55 Onager
44:04 Heavy Camel Rider
44:20 Light Cavalry
45:54 Hussar
51:27 Padded Archer Armor
51:27 Scale Mail Armor
51:18 Fletching
51:34 Kamandaran
53:51 Elite War Elephant
63:39 Devotion
63:54 Block Printing
63:35 Herbal Medicine
64:16 Theocracy
63:59 Chain Mail Armor
64:00 Leather Archer Armor
63:40 Bodkin Arrow
64:27 Hoardings
63:23 Sappers
63:16 Heavy Scorpion
65:48 Halberdier
68:59 Coinage
68:40 Guilds
68:18 Town Watch
68:31 Guard Tower
68:52 Clinker Construction
68:53 Careening
68:50 Siphons
68:35 Heated Shot
69:56 Plate Mail Armor
69:57 Ring Archer Armor
68:54 Capped Ram
68:57 Man-at-Arms
69:23 Gambesons
70:46 Siege Ram
70:51 Long Swordsman
72:29 Faith
72:12 Town Patrol
72:38 Carvel Hull
72:52 Banking
Brown Sugar
14:38 Feudal Age
12:58 Loom
17:03 Horse Collar
17:16 Stone Mining
17:17 Gold Mining
17:13 Double-Bit Axe
20:00 Castle Age
20:05 Wheelbarrow
19:15 Town Watch
21:14 Bow Saw
21:05 Heavy Plow
21:42 Stone Shaft Mining
21:43 Gold Shaft Mining
28:50 Masonry
29:00 Ballistics
28:36 Murder Holes
28:52 Fortified Wall
31:06 Hand Cart
35:26 Imperial Age
35:27 Fletching
35:50 Fortified Wall
35:33 Guard Tower
36:19 Guilds
36:39 Coinage
36:10 Caravan
37:15 Two-Man Saw
37:13 Architecture
36:49 Siege Engineers
37:45 Chemistry
36:43 Heavy Scorpion
40:06 Banking
39:14 Capped Ram
39:15 Onager
41:19 Bodkin Arrow
42:33 Town Patrol
42:58 Bracer
43:08 Siege Ram
45:51 Conscription
47:42 Torsion Engines
52:43 Keep
51:58 Siege Onager
55:44 Scale Mail Armor
55:54 Forging
55:49 Scale Barding Armor
55:45 Padded Archer Armor
57:04 Chain Mail Armor
59:42 Iron Casting
59:27 Chain Barding Armor
59:24 Leather Archer Armor
70:36 Spies/Treason
3119395234
1:30 Loom
14:04 Feudal Age
16:25 Wheelbarrow
15:41 Double-Bit Axe
15:39 Horse Collar
20:13 Stone Mining
20:14 Gold Mining
24:44 Castle Age
26:14 Bow Saw
26:29 Caravan
27:05 Coinage
27:17 Hand Cart
26:50 Town Watch
27:08 Heavy Plow
37:18 Imperial Age
36:21 Stone Shaft Mining
36:02 Fortified Wall
36:13 Ballistics
36:15 Forging
35:56 Fletching
36:07 Scale Mail Armor
38:18 Iron Casting
37:38 Bodkin Arrow
37:53 Scale Barding Armor
39:02 Chemistry
37:48 Arrowslits
38:54 Crop Rotation
38:13 Capped Ram
39:54 Town Patrol
39:29 Heavy Scorpion
41:30 Blast Furnace
40:58 Chain Mail Armor
41:38 Banking
42:16 Conscription
42:21 Guilds
43:28 Two-Man Saw
42:31 Elite Teutonic Knight
45:02 Onager
45:12 Cavalier
47:07 Hoardings
46:52 Ironclad
46:03 Sappers
47:14 Plate Mail Armor
47:06 Chain Barding Armor
46:48 Padded Archer Armor
46:55 Town Patrol
51:29 Siphons
51:35 Clinker Construction
51:37 Careening
51:40 Masonry
52:09 Plate Barding Armor
51:51 Leather Archer Armor
53:24 Siege Onager
56:07 Ring Archer Armor
56:16 Paladin
66:12 Sanctity
66:13 Heresy
66:29 Theocracy
65:55 Devotion
66:20 Illumination
66:11 Block Printing
66:07 Fervor
65:59 Atonement
66:11 Redemption
66:31 Pikeman
67:12 Squires
66:57 Arson
66:59 Gambesons
66:35 Man-at-Arms
70:57 Halberdier
70:58 Long Swordsman
71:55 Bloodlines
72:13 Carvel Hull
71:59 Siege Engineers
71:45 Heated Shot
71:46 Guard Tower
72:17 Bombard Tower
Licenciado Álvaro
6:55 Loom
15:24 Feudal Age
15:51 Double-Bit Axe
16:01 Horse Collar
18:53 Wheelbarrow
18:26 Gold Mining
19:00 Stone Mining
25:46 Castle Age
24:22 Fletching
26:00 Padded Archer Armor
26:01 Scale Mail Armor
26:13 Forging
27:28 Elite Skirmisher
27:35 Pikeman
27:37 Man-at-Arms
29:19 Crossbowman
30:57 Bodkin Arrow
36:22 Imperial Age
36:48 Hand Cart
38:16 Stone Shaft Mining
48:52 Halberdier
51:17 Chain Mail Armor
51:39 Iron Casting
51:09 Scale Barding Armor
Carrizuwu
9:30 Feudal Age
18:07 Castle Age
16:37 Scale Mail Armor
16:52 Forging
16:49 Loom
17:55 Gold Mining
17:52 Double-Bit Axe
19:54 Bow Saw
19:29 Horse Collar
21:44 Wheelbarrow
22:36 Fletching
25:18 Hand Cart
32:09 Padded Archer Armor
32:23 Thumb Ring
33:49 Heavy Plow
33:49 Elite Skirmisher
36:44 Bodkin Arrow
37:04 Leather Archer Armor
39:34 Imperial Age
37:26 Crossbowman
40:12 Arbalester
42:09 Chemistry
41:21 Masonry
41:17 Siege Engineers
41:33 Ballistics
41:24 Siege Engineers
41:29 Masonry
41:15 Murder Holes
41:01 Treadmill Crane
41:20 Murder Holes
42:01 Scale Barding Armor
42:33 Iron Casting
44:16 Ring Archer Armor
43:47 Bracer
44:10 Conscription
44:00 Town Watch
44:24 Caravan
46:04 Gold Shaft Mining
46:10 Scale Barding Armor
46:07 Scale Mail Armor
45:41 Pikeman
46:23 Squires
46:08 Gambesons
46:09 Arson
46:58 Man-at-Arms
47:51 Halberdier
49:23 Long Swordsman
LicenciadoXavi
0:45 Loom
16:41 Feudal Age
18:40 Wheelbarrow
26:06 Castle Age
27:02 Scale Mail Armor
27:13 Forging
30:30 Elite Skirmisher
30:33 Crossbowman
48:01 Imperial Age
50:49 Arbalester
54:18 Heavy Scorpion
56:11 Thumb Ring
63:40 Cavalier
Kadyan
11:51 Feudal Age
14:41 Double-Bit Axe
16:04 Stone Mining
17:24 Horse Collar
22:14 Castle Age
24:07 Heavy Plow
24:45 Stone Shaft Mining
24:01 Gold Mining
29:31 Gold Shaft Mining
40:42 Wheelbarrow
41:27 Tusk Swords
55:02 Crossbowman
56:08 Bow Saw
56:31 Hand Cart
59:53 Padded Archer Armor
59:43 Fletching
Connection lost

Rejoining the realm…

Still unreachable

The connection could not be restored.

Session expired

The server has moved on; the page needs a fresh start.